 Dungeon Crawl Stone Soup version 0.23-a0-417-gf02c810 (webtiles) character file.

40 Amnesiac the Digger (level 3, 16/16 HPs)
             Began as a Felid Earth Elementalist on Nov 10, 2018.
             Was a Follower of Dithmenos.
             Quit the game on level 4 of the Dungeon.
             The game lasted 00:04:29 (2505 turns).

Amnesiac the Digger (Felid Earth Elementalist)      Turns: 2505, Time: 00:04:29

Health: 16/16      AC:  1    Str:  4    XL:     3   Next: 30%
Magic:  7/7        EV: 18    Int: 17    God:    Dithmenos [*.....]
Gold:   108        SH:  0    Dex: 16    Spells: 0/6 levels left
                                        Lives:  0   Deaths: 1

rFire    . . .     SeeInvis +   (weapon unavailable)
rCold    . . .     Gourm    .   (shield unavailable)
rNeg     . . .     Faith    .   (armour unavailable)
rPois    .         Spirit   .   (helmet unavailable)
rElec    .         Reflect  .   (cloak unavailable)
rCorr    .         Harm     +   (gloves unavailable)
MR       .....                  (boots unavailable)
Stlth    ++++......             q - amulet of harm
HPRegen  0.05/turn              (no ring)
MPRegen  0.10/turn              l - ring of stealth

@: wreathed by umbra, quick
A: very small, no armour, no weapons or thrown items, stealth, claws 1, fangs 3,
see invisible, carnivore, speed 1, shaggy fur 1, slow metabolism 1, sharp paws
a: Renounce Religion


You were on level 4 of the Dungeon.
You worshipped Dithmenos.
Dithmenos was aware of your devotion.
You were not hungry.

You visited 1 branch of the dungeon, and saw 4 of its levels.

You collected 108 gold pieces.

Inventory:

Missiles
 b - 104 stones
Jewellery
 l - a ring of stealth (right paw)
 q - an amulet of harm (around neck)
Scrolls
 d - a scroll of enchant armour {!r, unknown}
 f - 3 scrolls of identify {!r}
 g - 3 scrolls of teleportation {!r}
 i - a scroll of magic mapping {!r, unknown}
 k - a scroll of remove curse {!r}
 n - 2 scrolls of fear {!r, unknown}
 o - 2 scrolls of amnesia {!r, unknown}
 p - a scroll of immolation {!r, unknown}
Potions
 a - a potion of curing {!q, unknown}
 e - 2 potions of brilliance {!q, unknown}
 h - a potion of agility {!q, unknown}
 j - a potion of cancellation {!q}
 m - 3 potions of heal wounds {!q}
Comestibles
 c - 7 rations


   Skills:
 - Level 2.0 Fighting
 - Level 3.0 Dodging
 + Level 2.9 Stealth
 + Level 2.4 Spellcasting
 + Level 1.9 Transmutations
 * Level 3.4 Earth Magic


You couldn't memorise any spells.
You knew the following spells:

 Your Spells              Type           Power        Failure   Level  Hunger
a - Sandblast             Erth           ##....       4%          1    #......
b - Passwall              Tmut/Erth      ##......     10%         2    ##.....
e - Petrify               Tmut/Erth      ##......     52%         4    #####..

Your spell library contained the following spells:

 Spells                   Type           Power        Failure   Level  Hunger
 Stone Arrow              Conj/Erth      #.....       26%         3    ###....
 Lee's Rapid Deconstruct  Erth           ##........   77%         5    ######.


Dungeon Overview and Level Annotations

Branches:
Dungeon (4/15)
 Temple: D:4-7

Altars:
Ashenzari
Dithmenos
Fedhas
Trog
Vehumet
Yredelemnul
Zin

Annotations:
D:4 Eustachio


Innate Abilities, Weirdness & Mutations

You cannot wear armour.
You are incapable of wielding weapons or throwing items.
Your paws allow you to move quietly. (Stealth)
You have sharp claws.
You have razor-sharp teeth.
You have supernaturally acute eyesight. (SInv)
You are carnivorous and can eat meat at any time.
You cover ground quickly.
You are covered in fur. (AC +1)
You have a slow metabolism.
Your sharp claws are effective at attacking unaware monsters.


Message History

You remove your ring of attention.
You drop an uncursed ring of attention.
You open the door.
Found a glowing silver altar of Zin.
There is an open door here.
d - a scroll labeled DUUTUPT PENA {!r} HP restored.
Found a whip.
h - a dark potion {!q} You see here a whip.
Found a stone staircase leading up.
There is a stone staircase leading up here.
You enter a teleport trap!
The teleport trap disappears.
Your surroundings suddenly seem different.
There is a stone staircase leading down here.
Found a stone staircase leading up.
There is a stone staircase leading up here.
Found 7 tomahawks.
You see here 7 tomahawks.
Found a blossoming altar of Fedhas.
There is a blossoming altar of Fedhas here.
c - 7 rations (gained 1)
A rat comes into view.
The helpless rat fails to defend itself.
You scratch the rat.
You kill the rat!
Dithmenos accepts your kill.
Found a stone staircase leading down.
m - 3 potions of heal wounds {!q} (gained 2)
You see here a rat skeleton.
Done exploring.
Done exploring.
Done exploring.
You see here a +0 dagger.
You see here a scale mail.
There is a shattered altar of Ashenzari here.
There is a stone staircase leading down here.
You climb downwards.
You hear the sound of rushing water.
There is an entrance to a sewer on this level.
Hurry and find it before the An ice beast comes into view.
There is a stone staircase leading up here.
Eustachio the Magnificent comes into view.
He is wielding a +0 rapier.
Found 14 bolts.
Casting: Sandblast (safe; 4% risk of failure)
Confirm with . or Enter, or press ? or * to list all spells.
Aiming: Sandblast (safe; 4% risk of failure)
Press: ? - help, Shift-Dir - straight line, f - ice beast
Aim: an ice beast (resting)
The blast of sand hits the ice beast.
The ice beast is moderately wounded.
b - 104 stones Unknown command.
The ice beast misses you.
There is a stone staircase leading up here.
The ice beast hits you. The ice beast freezes you!
Ouch! That really hurt!
You stop ascending the stairs.
You die...
You are now level 3!
You rejoin the land of the living...
Found a stone staircase leading up and a stone staircase leading down.
Are you sure you want to abandon this character and quit the game? (Confirm

## .. #.
#.##### #.....#
#.....# #..@..#
#..............
..........####.
..........#
..........#
.<........#
...........
......>.....


There were no monsters in sight!

Vanquished Creatures
  5 adders
  2 worms (D:3)
  A dart slug (D:1)
  2 leopard geckos
  An orc (D:3)
  3 bats
  3 giant cockroaches
  5 hobgoblins
  2 frilled lizards
  4 goblins (D:1)
  2 kobolds
  7 rats
  A spectral orc (D:2)
38 creatures vanquished.

Notes
Turn   | Place    | Note
-------+----------+-------------------------------------------
     0 | D:1      | Amnesiac the Felid Earth Elementalist began the quest for
                  | the Orb.
     0 | D:1      | Reached XP level 1. HP: 7/7 MP: 4/4
    44 | D:2      | Reached skill level 1 in Fighting
    44 | D:2      | Reached XP level 2. HP: 6/13 MP: 0/6
   281 | D:2      | Found a shadowy altar of Dithmenos.
   289 | D:2      | Found a radiant altar of Vehumet.
   293 | D:2      | Became a worshipper of Dithmenos the Shadowed
   379 | D:1      | Learned a level 2 spell: Passwall
   726 | D:1      | Reached XP level 3. HP: 16/16 MP: 7/7
  1046 | D:2      | Found a basalt altar of Yredelemnul.
  1208 | D:2      | Reached * piety under Dithmenos
  1295 | D:2      | Found a bloodstained altar of Trog.
  1859 | D:3      | Reached XP level 4. HP: 14/19 MP: 3/8
  1869 | D:3      | Learned a level 4 spell: Petrify
  2001 | D:3      | Found a shattered altar of Ashenzari.
  2117 | D:3      | Found a glowing silver altar of Zin.
  2295 | D:3      | Found a blossoming altar of Fedhas.
  2499 | D:4      | Noticed an ice beast
  2500 | D:4      | Noticed Eustachio
  2504 | D:4      | Slain by an ice beast
  2505 | D:4      | Reached XP level 3. HP: -3/16 MP: 7/7
  2505 | D:4      | Quit the game

Vault maps used:
D:1:      minmay_arrival_semitransparent
D:2:      minmay_door_path, yredelemnul_forgotten_temple_becter,
          general_overflow_altar, grunt_temple_overflow_open
D:3:      lemuel_round_altar, fedhas_altar_fruit_tree, zin_statuary
D:4:      kennysheep_mini_moat, temple_statues, portal_sewer_entry_e,
          due_unseen_surprise, uniq_edmund, uniq_eustachio

Skill      XL: |  1  2  3 |
---------------+----------+-----
Fighting       | 1 2 |  2.0
Earth Magic    | 3 |  3.4
Dodging        | 3 |  3.0
Stealth        | |  2.9
Spellcasting   | |  2.4
Transmutations | |  1.9

Action                   |  1- 3 |  4- 6 || total
-------------------------+-------+-------++-------
Melee: Unarmed           |    55 |     3 ||    58
       Bite              |     3 |       ||     3
 Cast: Sandblast         |    23 |    14 ||    37
  Use: Scroll            |       |     6 ||     6
 Stab: Sleeping          |     9 |     2 ||    11
  Eat: Chunk             |       |     2 ||     2
Armor: Skin              |     4 |       ||     4
Dodge: Dodged            |    49 |     3 ||    52

Table legend:
 A = Non-vault XP
 B = Vault XP
 C = Vault XP percentage of total XP
 D = Non-vault monster count
 E = Vault monster count
 F = Vault count percentage of total count
                 A         B        C        D         E       F
            +---------+---------+-------+---------+---------+-------
      Total |     124 |       4 |   3.1 |      34 |       4 |  10.5
            +---------+---------+-------+---------+---------+-------
        D:1 |      31 |       0 |   0.0 |      17 |       0 |   0.0
        D:2 |      37 |       4 |   9.8 |       8 |       4 |  33.3
        D:3 |      56 |       0 |   0.0 |       9 |       0 |   0.0
            +---------+---------+-------+---------+---------+-------
